 Dungeon Crawl Stone Soup version 0.23-a0-650-ga4d50d4 (webtiles) character file.

532 Amnesiac the Ducker (level 7, -1/36 HPs)
             Began as a Spriggan Berserker on Jan 3, 2019.
             Was a Priest of Trog.
             Slain by a scorpion (10 damage)
             ... on level 5 of the Dungeon.
             The game lasted 00:04:48 (3930 turns).

Amnesiac the Ducker (Spriggan Berserker)            Turns: 3930, Time: 00:04:48

Health: -1/36      AC:  2    Str: 21    XL:     7   Next: 4%
Magic:  10/10      EV: 22    Int:  9    God:    Trog [***...]
Gold:   190        SH:  0    Dex: 15    Spells: 6/6 levels left

rFire    . . .     SeeInvis +   a - +0 falchion
rCold    . . .     Gourm    .   (shield restricted)
rNeg     . . .     Faith    .   b - +0 animal skin
rPois    .         Spirit   .   (helmet restricted)
rElec    .         Reflect  .   (no cloak)
rCorr    .         Harm     .   (gloves unavailable)
MR       +....                  (boots unavailable)
Stlth    +.........             (no amulet)
HPRegen  0.12/turn              k - ring of flight
MPRegen  0.12/turn              n - +6 ring of strength

@: berserk cooldown, very quick
A: very small, unfitting armour, see invisible, herbivore, speed 3, slow
metabolism 2
a: Berserk, Trog's Hand, Renounce Religion, Evoke Flight


You were on level 5 of the Dungeon.
You worshipped Trog.
Trog was most pleased with you.
You were not hungry.

You visited 1 branch of the dungeon, and saw 5 of its levels.

You collected 190 gold pieces.

Inventory:

Hand Weapons
 a - a +0 falchion (weapon)
Armour
 b - a +0 animal skin (worn)
Jewellery
 k - a ring of flight (left hand)
 n - a +6 ring of strength (right hand)
Wands
 o - a wand of flame (21)
Scrolls
 e - a scroll of remove curse {!r}
 f - 4 scrolls of teleportation {!r}
 g - a scroll of identify {!r}
 j - a scroll of magic mapping {!r}
 q - a scroll of fear {!r}
Potions
 d - 4 potions of flight {!q, unknown}
 h - 2 potions of berserk rage {!q, unknown}
 i - a potion of resistance {!q}
 m - a potion of curing {!q}
 p - a potion of haste {!q}
Comestibles
 c - 4 rations


   Skills:
 - Level 3.0 Fighting
 * Level 5.1 Long Blades
 + Level 7.0 Dodging
 + Level 3.1 Evocations


You had 6 spell levels left.
You didn't know any spells.
Your spell library contained the following spells:

 Spells                   Type           Power        Failure   Level  Hunger
 Shock                    Conj/Air       #...         38%         1    ##.....
 Swiftness                Chrm/Air       #.......     52%         2    ###....
 Static Discharge         Conj/Air       #.......     77%         3    ####...
 Airstrike                Air            #.........   99%         4    #####..
 Lightning Bolt           Conj/Air       #.........   100%        5    ######.


Dungeon Overview and Level Annotations

Branches:
Dungeon (5/15)             Temple (0/1) D:5

Altars:

Shops:
D:5 (

Annotations:
D:5 Dowan, Duvessa


Innate Abilities, Weirdness & Mutations

You are very small and have problems with some larger weapons.
You are too small for most types of armour.
You have supernaturally acute eyesight. (SInv)
You are a herbivore.
You cover ground extremely quickly.
You need to consume almost no food.


Message History

The gnoll is moderately wounded.
The gnoll closely misses you.
A gnoll comes into view. It is wielding a +0 spear.
The gnoll misses you.
You riposte.
You hit the gnoll.
The gnoll is lightly wounded.
A red film seems to cover your vision as you go berserk!
You feel yourself moving faster!
You feel mighty!
You feel quite a bit more hungry. The gnoll barely misses you. x2
You slash the gnoll!
The gnoll is almost dead.
The gnoll barely misses you.
You slash the gnoll!
You kill the gnoll!
Trog accepts your kill.
The gnoll hits you from afar with a +0 spear.
Things that are here:
a +0 spear; a gnoll corpse You hit the gnoll.
The gnoll is lightly wounded.
The gnoll completely misses you.
You riposte.
You hit the gnoll.
The gnoll is moderately wounded.
The adder skeleton completely misses you.
You riposte.
You slash the adder skeleton!
You destroy the adder skeleton!
Trog accepts your kill.
You have reached level 7!
You hit the gnoll.
The gnoll is moderately wounded.
The gnoll hits you with a +0 spear.
You slash the gnoll!
You kill the gnoll!
Trog accepts your kill.
Your Dodging skill increases to level 7!
The gnoll hits you from afar with a +0 spear.
You hit the gnoll.
The gnoll is severely wounded.
The gnoll misses you.
You riposte.
You slash the gnoll!
You kill the gnoll!
Trog accepts your kill.
g - a scroll of identify {!r} You see here a +0 spear.
You feel a strong urge to attack something.
You are no longer berserk.
You are exhausted.
You feel yourself slow down.
Things that are here:
a +0 spear; a gnoll corpse Dowan, Brother of Duvessa comes into view.
He is wielding a +0 dagger of venom.
Dowan gestures at you while chanting. The puff of flame hits you!
* * * LOW HITPOINT WARNING * * *
There is an entrance to Hilank's Weapon Boutique here.
Duvessa, Sister of Dowan comes into view.
She is wielding a +0 short sword and The scorpion closely misses you.
You riposte.
You hit the scorpion.
The scorpion is lightly wounded.
Dowan says, "Where the sword fails, magic succeeds!"
The scorpion stings you!
* * * LOW HITPOINT WARNING * * *
Dowan casts a spell.
Dowan blinks!
You feel yourself speed up.
There is a stone staircase leading up here.
The scorpion stings you!
You die...

... ##. #.# #.. #.# #... #.#
##..#. ##### #.#
##########..##.####### ....# #.#
#.....................
###.####.###........#.####.#####.
#...†........÷..............####.
#.#.####.#####÷÷@s....####....≈≈≈
#.#.# #.# #....P..)# #.#.≈≈≈≈
....# #.# ##.......# #.#.≈≈∩≈
...## #.# #...>...# #..)≈≈.≈ #.##
#.# ##......# #e##.≈.≈ ### #..
#..P...# #.###).# ..# ##.
##.....# #....e). ..#
####...##########..# ..#
.............#.# #..#


You could see a scorpion.

Vanquished Creatures
  A bullfrog (D:3)
  A bullfrog zombie (D:5)
  A hound (D:5)
  3 orc priests
  4 worker ants
  Ijyb (D:3)
  A hound zombie (D:5)
  Robin (D:3)
  3 gnolls (D:5)
  6 adders
  An adder skeleton (D:5)
  2 worms
  2 dart slugs (D:2)
  8 orcs
  A giant cockroach (D:1)
  8 hobgoblins
  9 jackals
  3 kobolds
  A ball python (D:3)
  4 bats
  A frilled lizard (D:2)
  13 goblins
  A quokka skeleton (D:4)
  A quokka zombie (D:5)
  6 rats
83 creatures vanquished.

Notes
Turn   | Place    | Note
-------+----------+-------------------------------------------
     0 | D:1      | Amnesiac the Spriggan Berserker began the quest for the
                  | Orb.
     0 | D:1      | Reached XP level 1. HP: 11/11 MP: 2/2
   393 | D:1      | Reached XP level 2. HP: 9/16 MP: 3/3
   758 | D:2      | Reached XP level 3. HP: 18/19 MP: 4/4
   946 | D:3      | Noticed a bullfrog
   956 | D:3      | Reached ** piety under Trog
   960 | D:3      | Killed a bullfrog
   960 | D:3      | Reached skill level 5 in Dodging
   960 | D:3      | Reached XP level 4. HP: 15/24 MP: 5/5
  1112 | D:3      | Noticed Robin
  1350 | D:3      | Killed Robin
  1630 | D:3      | Reached XP level 5. HP: 24/28 MP: 6/6
  1690 | D:3      | Noticed Ijyb
  1789 | D:3      | Killed Ijyb
  2189 | D:4      | Reached skill level 6 in Dodging
  2189 | D:4      | Reached skill level 1 in Evocations
  2246 | D:4      | Reached XP level 6. HP: 20/32 MP: 8/8
  2485 | D:4      | Got a transparent whip
  3032 | D:5      | Entered Level 5 of the Dungeon
  3076 | D:5      | Reached *** piety under Trog
  3495 | D:5      | Reached skill level 5 in Long Blades
  3611 | D:5      | Found a staircase to the Ecumenical Temple.
  3647 | D:5      | HP: 1/32 [poisoned by a worker ant]
  3857 | D:5      | Found Hilank's Weapon Boutique.
  3895 | D:5      | Reached XP level 7. HP: 36/36 MP: 10/10
  3897 | D:5      | Reached skill level 7 in Dodging
  3905 | D:5      | Noticed Dowan
  3907 | D:5      | Noticed Duvessa
  3930 | D:5      | Slain by a scorpion

Vault maps used:
D:1:      onia_arrival_pyramid
D:2:      hangedman_glass_teeth
D:3:      serial_aquarium, aquarium_bridge_long_joined, aquarium_window_double,
          aquarium_window_3, aquarium_view_2d, aquarium_view_2b,
          aquarium_balcony_1b, first_ration, uniq_ijyb, uniq_robin
D:5:      tgw_trog, minmay_temple_entry_overgrown, ebering_ghost_sewer_f,
          serial_shops, nicolae_shop_waterfront, minmay_misc_feat_chi,
          uniq_duvessa

Skill      XL: |  1  2  3  4  5  6  7 |
---------------+----------------------+-----
Long Blades    | 3 4 5 |  5.1
Fighting       | 3 |  3.0
Dodging        | 5 6 7 |  7.0
Evocations     | 1 3 |  3.1

Action                   |  1- 3 |  4- 6 |  7- 9 || total
-------------------------+-------+-------+-------++-------
Melee: Falchion          |    66 |   202 |     3 ||   271
Invok: Berserk           |       |     3 |       ||     3
Evoke: Wand              |       |     1 |       ||     1
  Use: Scroll            |     1 |     7 |       ||     8
       Potion            |       |     1 |       ||     1
 Stab: Sleeping          |     3 |       |       ||     3
  Eat: Ration            |       |     3 |       ||     3
Armor: Animal skin       |     3 |     8 |       ||    11
Dodge: Dodged            |    65 |   195 |     2 ||   262
       Rpst.: Falchion   |    30 |    66 |     2 ||    98

Table legend:
 A = Non-vault XP
 B = Vault XP
 C = Vault XP percentage of total XP
 D = Non-vault monster count
 E = Vault monster count
 F = Vault count percentage of total count
                 A         B        C        D         E       F
            +---------+---------+-------+---------+---------+-------
      Total |     690 |      71 |   9.3 |      69 |      14 |  16.9
            +---------+---------+-------+---------+---------+-------
        D:1 |      14 |       0 |   0.0 |       9 |       0 |   0.0
        D:2 |      45 |       0 |   0.0 |      11 |       0 |   0.0
        D:3 |     134 |      71 |  34.6 |      16 |      14 |  46.7
        D:4 |     174 |       0 |   0.0 |       8 |       0 |   0.0
        D:5 |     323 |       0 |   0.0 |      25 |       0 |   0.0
            +---------+---------+-------+---------+---------+-------
